 Dungeon Crawl Stone Soup version 0.30-a0-424-g7412bad402 (webtiles) character file.

Game seed: 2897837155878301031

57 zishaf the Gusty (level 4, -4/25 HPs)
             Began as a Tengu Air Elementalist on Dec 9, 2022.
             Slain by an orc
             ... wielding a +0 mace
              (5 damage)
             ... on level 1 of the Dungeon.
             The game lasted 00:02:21 (1293 turns).

zishaf the Gusty (Tengu Air Elementalist)           Turns: 1293, Time: 00:02:21

Health: -4/25      AC:  2    Str:  8    XL:     4   Next: 0%
Magic:  2/8        EV: 12    Int: 18    God:
Gold:   16         SH:  0    Dex: 14    Spells: 7/8 levels left

rFire   . . .      SeeInvis .    m - +0 mace (drain)
rCold   . . .      Faith    .    (no shield)
rNeg    . . .      Spirit   .    a - +0 robe
rPois   .          Reflect  .    (helmet restricted)
rElec   .          Harm     .    (no cloak)
rCorr   .          Rampage  .    (no gloves)
Will    .....                    (boots unavailable)
Stlth   ++........               (no amulet)
HPRegen 0.24/turn                (no ring)
MPRegen 0.11/turn                (no ring)

@: no status effects
A: beak, talons 3
a: no special abilities


You were on level 1 of the Dungeon.
You visited 1 branch of the dungeon, and saw 2 of its levels.

You collected 16 gold pieces.

Inventory:

Hand Weapons
 m - a +0 mace of draining (weapon)
Armour
 a - a +0 robe (worn)
Jewellery
 h - an amulet of guardian spirit
Scrolls
 d - a scroll of identify {unknown}
 f - a scroll of enchant weapon {unknown}
 g - a scroll of amnesia {unknown}
 j - a scroll of vulnerability {unknown}
 l - a scroll of summoning {unknown}
Potions
 b - a potion of magic
 c - a potion of might
 e - 3 potions of cancellation {unknown}
 i - 4 potions of heal wounds {unknown}
 k - 2 potions of brilliance {unknown}


   Skills:
 + Level 1.5 Fighting
 - Level 2.1 Dodging
 - Level 2.0 Stealth
 + Level 2.5 Spellcasting
 + Level 2.7 Conjurations
 + Level 4.6 Air Magic


You had 7 spell levels left.
You knew the following spells:

 Your Spells              Type           Power      Damage    Failure   Level
a - Shock                 Conj/Air       60%        1d6       3%          1

Your spell library contained the following spells:

 Spells                   Type           Power      Damage    Failure   Level
 Static Discharge         Conj/Air       30%        2-4/arc   6%          2
 Swiftness                Air            19%        N/A       8%          3
 Slow                     Hex            8%         N/A       17%         1
 Airstrike                Air            9%         2d(2-18)  26%         4
 Confusing Touch          Hex            2%         N/A       45%         3
 Vampiric Draining        Necr           2%         2d6       45%         3


Dungeon Overview and Level Annotations

Branches:
Dungeon (2/15)

Altars:


Innate Abilities, Weirdness & Mutations

You have a beak for a mouth.
You have claws for feet.


Message History

Casting: Shock (safe; 4% risk of failure)
Confirm with . or Enter, or press ? or * to list all spells.
Aiming: Shock (safe; 4% risk of failure)
Press: ? - help, Shift-Dir - straight line The zap misses the adder.
The zap hits the orc.
You kill the orc!
The zap hits the adder.
The adder is heavily wounded.
The orc shouts!
The adder closely misses you. The adder barely misses you.
Casting: Shock (safe; 4% risk of failure)
Confirm with . or Enter, or press ? or * to list all spells.
Aiming: Shock (safe; 4% risk of failure)
Press: ? - help, Shift-Dir - straight line The zap hits the adder.
The adder is severely wounded.
The zap misses the adder.
The adder barely misses you.
Casting: Shock (safe; 4% risk of failure)
Confirm with . or Enter, or press ? or * to list all spells.
You don't know that spell.
You hit the adder.
You kill the adder!
You have reached level 4!
You feel clever. The orc attacks as you move away!
The orc hits you with a +0 mace.
* * * LOW HITPOINT WARNING * * *
The orc attacks as you move away! The orc closely misses you.
The orc attacks as you move away! The orc hits you but does no damage.
The orc attacks as you move away! The orc misses you.
The orc attacks as you move away! The orc barely misses you.
The orc attacks as you move away! The orc hits you with a +0 mace.
* * * LOW HITPOINT WARNING * * *
There is a stone staircase leading up here.
The orc closely misses you.
You climb upwards.
There is a stone staircase leading down here.
The orc attacks as you move away! The orc hits you with a +0 mace.
* * * LOW HITPOINT WARNING * * *
The orc attacks as you move away! The orc hits you with a +0 mace.
You die...

........# ##.....># #######.##
##..#..... #..#############
#..##.....
##.............###.#######.
####..........##..# #...
#..........#..## #.##
#..).......#.## ##.##
#####...>........#### #..##
#........o@.........###.###
###...................#...#
########..........######......
#.................# ####...
#.................# ###.....
#.......##..####### ##...#...
#..............#######..###...
#.......##..................[.
#.......########.#####.####...


You could see an orc.

Vanquished Creatures
  3 adders (D:2)
  2 dart slugs
  An orc (D:2)
  2 ball pythons (D:2)
  3 endoplasms (D:1)
  A giant cockroach (D:1)
  A goblin (D:1)
  A hobgoblin (D:1)
  3 jackals (D:1)
  3 kobolds
  2 quokkas (D:1)
  A bat (D:2)
  2 rats (D:1)
25 creatures vanquished.

Notes
Turn   | Place    | Note
-------+----------+-------------------------------------------
     0 | D:1      | zishaf the Tengu Air Elementalist began the quest for the
                  | Orb.
     0 | D:1      | Reached XP level 1. HP: 10/10 MP: 4/4
   114 | D:1      | You fall into a shaft and drop 1 floor!
   131 | D:2      | Reached XP level 2. HP: 15/16 MP: 0/6
   370 | D:2      | Reached skill level 1 in Fighting
   370 | D:2      | Reached XP level 3. HP: 20/20 MP: 0/7
  1037 | D:1      | Found a faded altar of an unknown god.
  1275 | D:2      | Reached XP level 4. HP: 9/25 MP: 0/8
  1291 | D:1      | HP: 1/25 [orc/+0 mace (6)]
  1293 | D:1      | Slain by an orc

Illustrated notes

Levels and vault maps discovered:
D:1:      dpeg_arrival_rooms_b, layout_rooms,
          hellmonk_ecumenical_altar_heavens_door
D:2:      layout_basic, serial_shops, shop_statue,
          hangedman_decor_clover_reticule, serial_park_tiny_pond, uniq_robin

Skill      XL: |  1  2 |
---------------+-------+-----
Conjurations   | 2 |  2.7
Fighting       | 1 |  1.5
Dodging        | |  2.1
Stealth        | |  2.0
Spellcasting   | |  2.5
Air Magic      | |  4.6

Action                   |  1- 3 |  4- 6 || total
-------------------------+-------+-------++-------
Melee: Unarmed           |    23 |       ||    23
       Kick              |    10 |       ||    10
       Peck              |     8 |       ||     8
       Mace              |     3 |       ||     3
 Cast: Shock             |    66 |       ||    66
Armor: Robe              |     8 |     1 ||     9
Dodge: Dodged            |    36 |     4 ||    40

Table legend: (Time is in decaauts)
 A = Elapsed time spent in this place.
 B = Non-inter-level travel time spent in this place.
 C = Inter-level travel time spent in this place.
 D = Time resting spent in this place.
 E = Time spent auto-exploring this place.
 F = Levels seen in this place.
 G = Mean time per level.
                   A        B        C        D        E       F      G
               +--------+--------+--------+--------+--------+-----+--------+
         Total |   1294 |   1277 |     17 |     49 |   1010 |   2 |  647.0 |
       Dungeon |   1294 |   1277 |     17 |     49 |   1010 |   2 |  647.0 |
               +--------+--------+--------+--------+--------+-----+--------+

Top non-repeatable levels by time:
     D:1: 884 daAuts
     D:2: 410 daAuts
